 Dungeon Crawl Stone Soup version 0.25-a0-690-g234afa5 (webtiles) character file.

Game seed: 8126328351001279419, levelgen mode: deterministic

7 robertstho the Ruffian (level 2, 0/24 HPs)
             Began as a Vine Stalker Berserker on Mar 30, 2020.
             Was a Follower of Trog.
             Slain by a kobold
             ... wielding a +0 hand axe
              (3 damage)
             ... on level 1 of the Dungeon.
             The game lasted 00:00:56 (368 turns).

robertstho the Ruffian (Vine Stalker Berserker)      Turns: 368, Time: 00:00:57

Health: 0/24       AC:  2    Str: 19    XL:     2   Next: 0%
Magic:  0/3        EV: 12    Int:  7    God:    Trog [*.....]
Gold:   43         SH:  0    Dex: 13    Spells: 1/1 levels left

rFire    . . .     SeeInvis .     - Unarmed
rCold    . . .     Gourm    .   (no shield)
rNeg     . . .     Faith    .   a - +0 animal skin
rPois    .         Spirit   +   (no helmet)
rElec    .         Reflect  .   (no cloak)
rCorr    .         Harm     .   (no gloves)
MR       .....                  (no boots)
Stlth    ..........             (no amulet)
HPRegen  0.08/turn              (no ring)
MPRegen  0.08/turn              (no ring)

@: berserking, very quick
A: fangs 2, magic shield, antimagic bite, no potion heal 3, rot immunity
a: Berserk, Renounce Religion


You were on level 1 of the Dungeon.
You worshipped Trog.
Trog was aware of your devotion.
You were not hungry.

You visited 1 branch of the dungeon, and saw 1 of its levels.

You collected 43 gold pieces.

Inventory:

Armour
 a - a +0 animal skin (worn)
Scrolls
 c - a scroll of magic mapping {unknown}
 d - a scroll of remove curse {unknown}
 e - a scroll of teleportation {unknown}
Potions
 g - a potion of degeneration {unknown}
 h - a potion of lignification {unknown}
Comestibles
 b - a ration


   Skills:
 * Level 2.7 Fighting
 * Level 1.6 Armour
 * Level 1.7 Dodging
 + Level 3.2 Unarmed Combat


You had one spell level left.
You didn't know any spells.
Your spell library was empty.

Dungeon Overview and Level Annotations

Branches:
Dungeon (1/15)

Altars:

Annotations:
D:1 1 runed translucent door


Innate Abilities, Weirdness & Mutations

You have extremely sharp teeth.
When hurt, damage is shared between your health and your magic reserves.
Your bite disrupts and absorbs the magic of your enemies.
Potions cannot restore your health.
You are immune to rotting.


Message History

You hit the kobold but do no damage. You bite the kobold, but do no damage.
The kobold barely misses you.
You closely miss the kobold. You bite the kobold, but do no damage.
The kobold hits you with a +0 hand axe.
You hit the kobold but do no damage. You bite the kobold, but do no damage.
You hit the kobold but do no damage. Your punch misses the kobold.
The kobold closely misses you.
You closely miss the kobold. You bite the kobold, but do no damage.
The kobold hits you with a +0 hand axe.
You closely miss the kobold. The kobold barely misses you.
You closely miss the kobold. Your bite misses the kobold.
The kobold hits you with a +0 hand axe.
* * * LOW HITPOINT WARNING * * *
You hit the kobold. Your bite misses the kobold.
The kobold is severely wounded.
The kobold barely misses you.
A red film seems to cover your vision as you go berserk!
You feel yourself moving faster!
You feel mighty!
You feel a lot more hungry. The kobold hits you with a +0 hand axe.
You die...

+....#>#.##. #...........
##.###.#.##.##.....# .#
.....#.#.##........##..#.
######...###.###..#......
.............# #...#.###
...#.........####......#
...###.......#.....###.#
.............#.#.......#
########...#.#..@K..####
.. ......#.†.#.....# #.#
##...###......##.# ..#
#...#.....##.# . ..#
#.##.## .# ..# #. )) .#
.. # .# ..


You could see a kobold.

Vanquished Creatures
  2 giant cockroaches (D:1)
  2 hobgoblins (D:1)
  A bat (D:1)
  A rat (D:1)
6 creatures vanquished.

Notes
Turn   | Place    | Note
-------+----------+-------------------------------------------
     0 | D:1      | robertstho the Vine Stalker Berserker began the quest for
                  | the Orb.
     0 | D:1      | Reached XP level 1. HP: 11/11 MP: 2/2
     4 | D:1      | Found a runed translucent door,
   357 | D:1      | Reached XP level 2. HP: 16/16 MP: 3/3
   368 | D:1      | Slain by a kobold

Levels and vault maps discovered:
D:1:      dpeg_arrival_caged_fury, layout_basic

Action                   || total
-------------------------++-------
Melee: Unarmed           ||    25
       Bite              ||    10
Invok: Berserk           ||     1
Armor: Animal skin       ||     3
Dodge: Dodged            ||    12

Table legend:
 A = Non-vault XP
 B = Vault XP
 C = Vault XP percentage of total XP
 D = Non-vault monster count
 E = Vault monster count
 F = Vault count percentage of total count
                 A         B        C        D         E       F
            +---------+---------+-------+---------+---------+-------
      Total |      10 |       0 |   0.0 |       6 |       0 |   0.0
            +---------+---------+-------+---------+---------+-------
        D:1 |      10 |       0 |   0.0 |       6 |       0 |   0.0
            +---------+---------+-------+---------+---------+-------
